 Dungeon Crawl Stone Soup version 0.31-a0-430-gf8416d752b (webtiles) character file.

Game seed: 10727498902330725097

33 Ethylacetat the Insei (level 3, -2/27 (28) HPs)
             Began as a Demigod Shapeshifter on July 31, 2023.
             Slain by Natasha (10 damage)
             ... on level 1 of the Dungeon.
             The game lasted 00:02:02 (794 turns).

Ethylacetat the Insei (Demigod Shapeshifter)         Turns: 794, Time: 00:02:02

HP:   -2/27 (28)    AC:  0    Str: 16    XL:     3   Next: 0%
MP:   5/5           EV: 20    Int: 10    God:
Gold: 80            SH:  0    Dex: 23    Spells: 2/2 levels left

rFire   . .          .
                       - Unarmed
rCold   . . .        (shield currently unavailable)
rNeg    . . .        a - melded +0 animal skin
rPois   .            (helmet currently unavailable)
rElec   .            (cloak currently unavailable)
rCorr   .            (gloves currently unavailable)
SInv    .            (boots currently unavailable)
Will    .....        f - amulet of regeneration
Stlth   ++           e - melded ring of see invisible
HPRegen 1.04/turn    (ring currently unavailable)
MPRegen 0.09/turn

%: no passive effects
@: bat-form, flying, slowed, lightly drained, quick
A: fast, flying, no casting, tiny, high MP 1, forlorn, divine attributes
a: no special abilities


You were on level 1 of the Dungeon.
You were a bat.
You visited 1 branch of the dungeon, and saw 2 of its levels.

You collected 80 gold pieces.

Inventory:

Armour
 a - a +0 animal skin (melded)
Jewellery
 e - a ring of see invisible (melded)
 f - an amulet of regeneration (around neck)
Talismans
 c - a beast talisman
Scrolls
 h - a scroll of fog {unknown}
Potions
 b - a potion of lignification
 d - 2 potions of curing {unknown}
 g - a potion of heal wounds {unknown}
 i - a potion of mutation {unknown}


   Skills:
 + Level 1.5 Fighting
 - Level 2.0 Dodging
 + Level 3.0 Unarmed Combat
 * Level 3.0 Shapeshifting


You had 2 spell levels left.
You didn't know any spells.
Your spell library was empty.

Dungeon Overview and Level Annotations

Branches:
Dungeon (2/15)

Annotations:
D:1 Natasha


Innate Abilities, Weirdness & Mutations

You are a bat.
You are tiny and dextrous.
You move quickly.
You are flying.
Your equipment is almost entirely melded.
You are incapable of wielding weapons or throwing items.
You cannot cast spells.
You have an increased reservoir of magic. (+10% MP)
You shall have no god before yourself.
Your divine heritage dramatically boosts your attributes as you level up.


Message History

Natasha growls.
You hit the kobold but do no damage.
The kobold hits you with a +0 short sword of draining.
You feel drained.
There is a stone staircase leading up here.
Natasha claws you!
The cerulean imp hits you from afar with a +0 spear.
You fly upwards.
The cerulean imp disappears in a puff of smoke!
There is a stone staircase leading down here.
You completely miss Natasha. Natasha barely misses you.
You closely miss Natasha.
Natasha mumbles some strange words.
You feel disoriented. Natasha casts a spell at you. The magic dart hits you.
You closely miss Natasha. Natasha completely misses you.
You closely miss Natasha. Natasha casts a spell at you.
The magic dart hits you.
You barely miss Natasha. You hit Natasha.
Natasha is lightly wounded.
Natasha stares at you and mumbles some strange words.
You feel yourself slow down.
You closely miss Natasha.
Natasha is lightly wounded.
Natasha casts a spell at you.
You feel as though you will be slow longer.
Natasha casts a spell at you. The magic dart hits you.
* * * LOW HITPOINT WARNING * * *
You closely miss Natasha.
Natasha is lightly wounded.
Natasha claws you.
* * * LOW HITPOINT WARNING * * *
You hit Natasha but do no damage.
Natasha is lightly wounded.
Natasha completely misses you. Natasha claws you!
You die...

#.# #.##..#######.#.##~~~..
#.#########.##.)......)....##~8..
#...........>...#######.#..#~~~..
.......####.####........##.'....♣
.###...####.# #.################
.# #........# #.# #.# .#
#...###### #.# #####.# .# ###.#
#h# #.....# .#####)# #b# #.#####
.......# ###.##########.#
###.#### #............#.# #.#
#.#.########.#.# #.# #.#.# #.#.#
#.# ###.#.# #.#.# ### ###.#
#....)########.#.###..
#...########.....................
#...................#####.#.###[.


You could see Natasha.

Vanquished Creatures
  A dart slug (D:1)
  2 ball pythons (D:1)
  3 endoplasms (D:1)
  A giant cockroach (D:1)
  3 goblins (D:1)
  5 hobgoblins (D:1)
  3 jackals (D:1)
  A quokka (D:1)
  2 frilled lizards (D:1)
  2 kobolds (D:1)
  5 rats (D:1)
28 creatures vanquished.

Notes
Turn   | Place    | Note
-------+----------+-------------------------------------------
     0 | D:1      | Ethylacetat the Demigod Shapeshifter began the quest for
                  | the Orb.
     0 | D:1      | Reached XP level 1. HP: 15/15 MP: 3/3
    58 | D:1      | Reached skill level 1 in Fighting
   206 | D:1      | Reached XP level 2. HP: 20/23 MP: 4/4
   615 | D:1      | Reached XP level 3. HP: 28/28 MP: 5/5
   775 | D:2      | Noticed Natasha
   794 | D:1      | Slain by Natasha

Illustrated notes

Levels and vault maps discovered:
D:1:      tarquinn_simple_flora_water_d, layout_loops_ring,
          hangedman_abyss_or_decor_lesser_grid
D:2:      layout_loops_cross, nicolae_elevator_lobby_asterisk,
          uniq_crazy_yiuf_cottage, uniq_natasha

Skill      XL: |  1  2 |
---------------+-------+-----
Fighting       | 1 |  1.5
Dodging        | 2 |  2.0
Unarmed Combat | 3 |  3.0
Shapeshifting  | 3 |  3.0

Action                     || total
---------------------------++-------
  Melee: Unarmed           ||   107
         Punch             ||     2
   Stab: Sleeping          ||     1
 Armour: Animal skin       ||    16
  Dodge: Dodged            ||    50

Table legend: (Time is in decaauts)
 A = Elapsed time spent in this place.
 B = Non-inter-level travel time spent in this place.
 C = Inter-level travel time spent in this place.
 D = Time resting spent in this place.
 E = Time spent auto-exploring this place.
 F = Levels seen in this place.
 G = Mean time per level.
                   A        B        C        D        E       F      G
               +--------+--------+--------+--------+--------+-----+--------+
         Total |    788 |    729 |     59 |      0 |    518 |   2 |  394.0 |
       Dungeon |    788 |    729 |     59 |      0 |    518 |   2 |  394.0 |
               +--------+--------+--------+--------+--------+-----+--------+

Top non-repeatable levels by time:
     D:1: 778 daAuts
     D:2: 10 daAuts
